 Dungeon Crawl Stone Soup version 0.17.0-24-gcfadda4 (console) character file.

446 Kloppie the Chiller (level 7, 0/46 HPs)
             Began as a Merfolk Ice Elementalist on Nov 17, 2015.
             Was an Initiate of Vehumet.
             Succumbed to a scorpion's poison
             ... on level 6 of the Dungeon.
             The game lasted 00:10:43 (5010 turns).

Kloppie the Chiller (Merfolk Ice Elementalist)      Turns: 5010, Time: 00:10:43

Health: 0/46       AC:  8    Str:  8    XL:     7   Next: 3%
Magic:  5/10       EV: 14    Int: 16    God:    Vehumet [......]
Gold:   158        SH:  0    Dex: 15    Spells: 3 memorised, 4 levels left

rFire  . . .     SeeInvis .     a - +2 trident (protect)
rCold  . . .     Clarity  .     o - +0 robe
rNeg   . . .     SustAt   .     (no shield)
rPois  .         Gourm    .     (no helmet)
rElec  .         Spirit   .     j - +0 cloak
rCorr  .         Warding  .     (no gloves)
rMut   .         Stasis   .     (no boots)
MR     .....                    k - amulet of inaccuracy (curse)
Stlth  ++........               (no ring)
                                d - ring of invisibility

@: lethally poisoned (0 -> -15), very slightly contaminated, not resistant to
hostile enchantments, unstealthy
A: change form in water, swift swim
a: Renounce Religion, Evoke Invisibility


You were on level 6 of the Dungeon.
You worshipped Vehumet.
Vehumet was noncommittal.
You were hungry.

You visited 2 branches of the dungeon, and saw 7 of its levels.

You collected 158 gold pieces.

Inventory:

Hand Weapons
 a - a +2 trident of protection (weapon)
 i - a +4 spear
Armour
 j - a +0 cloak (worn)
 o - a +0 robe (worn)
Jewellery
 d - a ring of invisibility (left hand)
 k - a cursed amulet of inaccuracy (around neck)
Scrolls
 f - 2 scrolls of teleportation
Potions
 e - a potion of resistance
 h - a potion of lignification
 m - a potion of magic {unknown}
 n - 3 potions of poison {unknown}
Books
 b - a book of Frost

   Spells                             Type                      Level
   a - Freeze                         Ice                          1
   b - Throw Frost                    Conjuration/Ice              2
   c - Ozocubu's Armour               Charms/Ice                   3
   d - Throw Icicle                   Conjuration/Ice              4
   e - Summon Ice Beast               Ice/Summoning                4
   f - Condensation Shield            Ice                          4
Comestibles
 c - 6 bread rations
 g - 2 meat rations
 l - 6 chunks of flesh


   Skills:
 - Level 3.1 Polearms
 - Level 4.8 Dodging
 - Level 2.1 Stealth
 - Level 2.0 Spellcasting
 - Level 0.7 Conjurations
 + Level 4.0 Charms
 + Level 5.7 Ice Magic


You had 4 spell levels left.
You knew the following spells:

 Your Spells              Type           Power        Failure   Level  Hunger
a - Freeze                Ice            ###.         1%          1    #......
b - Throw Frost           Conj/Ice       ##....       10%         2    ###....
c - Ozocubu's Armour      Chrm/Ice       ###.....     12%         3    ###....


Dungeon Overview and Level Annotations

Branches:
Dungeon (6/15)             Temple (1/1) D:4

Altars:
Ashenzari
Cheibriados
Dithmenos
Elyvilon
Fedhas
Gozag
Kikubaaqudgha
Makhleb
Nemelex Xobeh
Okawaru
Qazlal
Sif Muna
Trog
Vehumet
Xom
Yredelemnul
Zin
The Shining One

Shops:
D:4 *


Message History

Confirm with . or Enter, or press ? or * to list all spells.
Aiming: Freeze
Press: ? - help, Shift-Dir - straight line, f/p - scorpion
Aim: a scorpion (severely wounded)
You freeze the scorpion.
The scorpion is severely wounded.
* * * LOW HITPOINT WARNING * * *
You feel sick.
The scorpion stings you but does no damage.
Casting: Freeze
Confirm with . or Enter, or press ? or * to list all spells.
Aiming: Freeze
Press: ? - help, Shift-Dir - straight line, f/p - scorpion
Aim: a scorpion (severely wounded)
You freeze the scorpion.
You kill the scorpion!
Vehumet accepts your kill.
Your Charms skill increases to level 4!
You have reached level 7!
You die...

.# .# .# .. .#
# .#
#####.##†######
.......@.......
......#########
#####


There were no monsters in sight!

Vanquished Creatures
  A scorpion (D:6)
  A crimson imp (D:5)
  A hound (D:4)
  A centaur skeleton (D:4)
  2 orc priests (D:4)
  An orc wizard (D:4)
  An iguana (D:4)
  A worker ant (D:4)
  3 gnolls (D:3)
  5 adders
  3 worms
  5 giant geckos
  13 orcs
  3 ball pythons
  A giant cockroach (D:4)
  4 goblins
  4 hobgoblins
  3 jackals (D:5)
  12 kobolds
  9 bats
  A giant gecko zombie (D:5)
  A giant newt (D:2)
  3 quokkas
  6 rats
85 creatures vanquished.

Notes
Turn   | Place    | Note
--------------------------------------------------------------
     0 | D:1      | Kloppie the Merfolk Ice Elementalist began the quest for the Orb.
     0 | D:1      | Reached XP level 1. HP: 13/13 MP: 3/3
   363 | D:1      | Reached XP level 2. HP: 11/19 MP: 0/5
   997 | D:1      | Reached XP level 3. HP: 22/24 MP: 1/6
  1207 | D:1      | Learned a level 2 spell: Throw Frost
  1211 | D:1      | Learned a level 3 spell: Ozocubu's Armour
  1435 | D:2      | Reached skill level 1 in Polearms
  1435 | D:2      | Reached skill level 4 in Dodging
  2682 | D:2      | Reached XP level 4. HP: 18/30 MP: 1/7
  3380 | D:3      | Reached skill level 1 in Charms
  3380 | D:3      | Reached XP level 5. HP: 35/35 MP: 4/8
  3786 | D:4      | Found Ynyv's General Store.
  3792 | D:4      | Found a staircase to the Ecumenical Temple.
  3816 | Temple   | Entered the Ecumenical Temple
  3909 | Temple   | Became a worshipper of Vehumet
  4388 | D:4      | Reached XP level 6. HP: 41/41 MP: 5/9
  4441 | D:4      | Reached skill level 5 in Ice Magic
  4501 | D:4      | Found a sparkling altar of Nemelex Xobeh.
  4502 | D:4      | Found a shattered altar of Ashenzari.
  4502 | D:4      | Found a glowing golden altar of the Shining One.
  4506 | D:4      | Found a shimmering altar of Xom.
  4506 | D:4      | Found a bloodstained altar of Trog.
  4507 | D:4      | Found a deep blue altar of Sif Muna.
  4896 | D:5      | Entered Level 5 of the Dungeon
  5009 | D:6      | HP: 2/41 [poisoned by a scorpion]
  5010 | D:6      | Reached XP level 7. HP: 2/46 MP: 5/10
  5010 | D:6      | Succumbed to a scorpion's poison

Action                   |  1- 3 |  4- 6 |  7- 9 || total
-------------------------+-------+-------+-------++-------
Melee: Unarmed           |    15 |       |       ||    15
       Dagger            |    15 |       |       ||    15
       Whip              |    15 |       |       ||    15
       Spear             |    57 |   131 |       ||   188
       Trident           |       |    61 |       ||    61
 Cast: Freeze            |    29 |    22 |     1 ||    52
       Ozocubu's Armour  |       |     6 |       ||     6
  Use: Scroll            |       |     7 |       ||     7
       Potion            |       |     1 |       ||     1
 Stab: Sleeping          |     4 |     4 |       ||     8
       Distracted        |     1 |       |       ||     1
  Eat: Chunk             |     5 |     8 |       ||    13
       Beef jerky        |       |     1 |       ||     1
